 Dungeon Crawl Stone Soup version 0.30.1-11-g7821555f0a (webtiles) character file.

Game seed: 9420075340911755545

5094 Peloso the Carver (level 10, -3/88 HPs)
             Began as a Minotaur Fighter on Jan 17, 2024.
             Was a Believer of Okawaru.
             Slain by a tyrant leech (21 damage)
             ... on level 9 of the Dungeon.
             The game lasted 00:16:35 (10705 turns).

Peloso the Carver (Minotaur Fighter)               Turns: 10705, Time: 00:16:35

Health: -3/88      AC: 15    Str: 20    XL:     10   Next: 32%
Magic:  7/9        EV: 11    Int:  5    God:    Okawaru [**....]
Gold:   420        SH: 13    Dex: 15    Spells: 9/9 levels left

rFire   + . .        a - +4 scimitar
rCold   + . .        d - +0 kite shield {rF+}
rNeg    . . .        w - +0 chain mail
rPois   .            (helmet restricted)
rElec   .            c - +0 cloak
rCorr   +            (no gloves)
SInv    .            (no boots)
Will    .....        (no amulet)
Stlth   +            h - ring of resist corrosion
HPRegen 0.34/turn    i - ring of protection from cold
MPRegen 0.11/turn

%: no passive effects
@: heroic
A: horns 2, retaliatory headbutt
a: Renounce Religion, Heroism


You were on level 9 of the Dungeon.
You worshipped Okawaru.
Okawaru was pleased with you.
You visited 2 branches of the dungeon, and saw 10 of its levels.
You also visited: Ossuary.

You collected 420 gold pieces.

Inventory:

Hand Weapons
 a - a +4 scimitar (weapon)
Armour
 b - a +0 scale mail
 c - a +0 cloak (worn)
 d - a +0 kite shield of fire resistance (worn)
 w - a +0 chain mail (worn)
Jewellery
 h - a ring of resist corrosion (left hand)
 i - a ring of protection from cold (right hand)
 n - a ring of poison resistance
 y - a ring of magical power
 A - a ring of willpower
Wands
 k - a wand of light (3)
 v - a wand of flame (20)
 D - a wand of polymorph (3)
Scrolls
 e - a scroll of silence
 f - 4 scrolls of teleportation
 j - 2 scrolls of magic mapping {unknown}
 l - 3 scrolls of enchant weapon
 q - 2 scrolls of acquirement
 r - a scroll of enchant armour
 t - 2 scrolls of fog
 u - 3 scrolls of fear
 x - a scroll of amnesia
Potions
 g - a potion of brilliance
 m - a potion of heal wounds
 o - 2 potions of curing
 p - 3 potions of magic
 s - 3 potions of resistance
 z - 4 potions of flight
 B - 2 potions of mutation
 C - a potion of berserk rage
 G - a potion of cancellation {unknown}
 H - a potion of haste {unknown}


   Skills:
 + Level 8.1(13.1) Fighting
 + Level 11.0(16.0) Long Blades
 + Level 10.1(15.1) Armour
 + Level 3.0(8.0) Dodging
 + Level 1.1(6.1) Stealth
 + Level 8.7(13.7) Shields
 + Level 0.1 Invocations


You had 9 spell levels left.
You didn't know any spells.
Your spell library contained the following spells:

 Spells                   Type           Power      Damage    Failure   Level
 Beastly Appendage        Tmut           0%         N/A       98%         1
 Magic Dart               Conj           0%         1d3       98%         1
 Searing Ray              Conj           0%         2d4       99%         2
 Ozocubu's Armour         Ice            0%         N/A       100%        3
 Fulminant Prism          Conj/Hex       0%         3d5       100%        4
 Ozocubu's Refrigeration  Ice            0%         4d7       100%        7


Dungeon Overview and Level Annotations

Branches:
Dungeon (9/15)             Temple (1/1) D:7            Lair (0/5) D:9
Ossuary (visited)
    Orc: D:9-12

Altars:
Cheibriados
Dithmenos
Elyvilon
Hepliaklqana
Kikubaaqudgha
Okawaru
Ru
Trog
Uskayaw
Zin
The Shining One

Shops:
D:9 :[

Annotations:
D:8 Fly


Innate Abilities, Weirdness & Mutations

You have a pair of horns on your head.
You reflexively headbutt those who attack you in melee.


Message History

The boulder beetle is heavily wounded.
The boulder beetle bites you!!
You hit the boulder beetle but do no damage.
The boulder beetle is heavily wounded.
You block the boulder beetle's attack.
You hit the boulder beetle but do no damage.
The boulder beetle is heavily wounded.
The boulder beetle bites you but does no damage.
You hit the boulder beetle.
The boulder beetle is heavily wounded.
The boulder beetle leaps!
Aiming: Bolt of Light
Press: ? - help, Shift-Dir - straight line, f - boulder beetle
Aim: a boulder beetle (heavily wounded, 100% to hit)
The bolt of light hits the boulder beetle!!
The boulder beetle is severely wounded.
The boulder beetle is blinded.
Aiming: Polymorph
Press: ? - help, Shift-Dir - straight line, f/p - boulder beetle
Aim: a boulder beetle (severely wounded, blind, will become a skyshark, a tyrant leech, or a wolf spider, chance to affect: 31%)
The boulder beetle evaporates and reforms as a tyrant leech!
You gain the combat prowess of a mighty hero.
You closely miss the tyrant leech. Your headbutt misses the tyrant leech.
The tyrant leech is severely wounded.
The tyrant leech bites you!
* * * LOW HITPOINT WARNING * * *
The tyrant leech draws strength from your injuries!
You barely miss the tyrant leech.
The tyrant leech is severely wounded.
You barely miss the tyrant leech.
The tyrant leech is severely wounded.
The tyrant leech bites you!
* * * LOW HITPOINT WARNING * * *
The tyrant leech draws strength from your injuries!
You slash the tyrant leech!
The tyrant leech is severely wounded.
You miss the tyrant leech. You headbutt the tyrant leech.
The tyrant leech is almost dead.
The tyrant leech bites you!!
You die...

###....## #.# ##..#..#
#.###.# #.# ##....# #.#
#.# #.# ##....### #.# #.#
#.# #.......### #.###.#
#.# ##..#####... #.##.##
#.# #..## ##.. #.##.# #.#
#..# ##8 #.##.# #.# #..#
#.. ###.##.## ##@# ##..#
#.8 #...#...####w.# #...#
#.. #...(....#...## ##...#
#..
##..........######....#
...
#.######...##.........#
##..... ###
##.............##.....?.
##..............#........
#..○.....................
##..○..................>..


You could see a tyrant leech.

Vanquished Creatures
  A troll (D:9)
  3 meliai (D:8)
  A shadow (D:6)
  4 yaks (D:8)
  2 wyverns
  A steam dragon (D:8)
  Edmund (D:5)
  3 wargs (D:8)
  An ice beast (D:6)
  An orc warrior (D:8)
  An ogre (D:5)
  A centaur (D:7)
  3 phantoms
  2 kobold brigands
  6 bullfrogs
  A scorpion (D:7)
  4 wights (D:8)
  5 killer bees (D:6)
  3 jellies
  A howler monkey (D:9)
  2 hounds (D:6)
  7 orc priests
  An iguana (D:6)
  6 orc wizards
  3 sleepcaps
  14 mummies (Ossuary)
  3 gnolls (D:5)
  11 adders
  2 ufetubi
  5 worms
  A dart slug (D:1)
  26 orcs
  4 bats
  4 endoplasms
  3 giant cockroaches
  10 goblins
  5 hobgoblins
  7 jackals
  6 quokkas
  11 ball pythons
  6 frilled lizards
  A gnoll skeleton (Ossuary)
  A goblin skeleton (Ossuary)
  13 kobolds
  2 kobold skeletons (Ossuary)
  4 orc skeletons (Ossuary)
  3 rats (D:1)
  11 rat skeletons (Ossuary)
217 creatures vanquished.

Notes
Turn   | Place    | Note
-------+----------+-------------------------------------------
     0 | D:1      | Peloso the Minotaur Fighter began the quest for the Orb.
     0 | D:1      | Reached XP level 1. HP: 19/19 MP: 0/0
    66 | D:1      | Reached XP level 2. HP: 24/27 MP: 1/1
   430 | D:1      | Found a faded altar of an unknown god.
   455 | D:1      | Got Plato's Opusculum on Metamorphosis
   707 | D:2      | Reached XP level 3. HP: 33/33 MP: 2/2
   787 | D:2      | Found a snail-covered altar of Cheibriados.
   990 | D:2      | Reached skill level 3 in Long Blades
  1022 | D:2      | Reached XP level 4. HP: 34/40 MP: 3/3
  1460 | D:2      | Reached skill level 1 in Dodging
  1654 | D:3      | Reached skill level 4 in Long Blades
  1654 | D:3      | Reached XP level 5. HP: 31/46 MP: 4/4
  1951 | D:3      | Found a hide-covered altar of Uskayaw.
  2427 | D:4      | Reached skill level 5 in Long Blades
  2427 | D:4      | Reached skill level 5 in Armour
  2427 | D:4      | Reached XP level 6. HP: 17/53 MP: 5/5
  3186 | D:5      | Entered Level 5 of the Dungeon
  3328 | D:5      | Reached skill level 5 in Shields
  3334 | D:5      | Reached skill level 5 in Fighting
  3351 | D:5      | Found a sand-covered staircase.
  3473 | Ossuary  | Entered an ossuary
  3567 | Ossuary  | Reached XP level 7. HP: 58/61 MP: 6/6
  3773 | Ossuary  | Reached skill level 6 in Long Blades
  4426 | Ossuary  | Identified a scroll of acquirement
  4722 | D:5      | Identified the +3 robe of Elyvilon's Envy {rC+ rN+ Will-
                  | rCorr}
  4887 | D:5      | Reached skill level 7 in Long Blades
  5118 | D:5      | Noticed Edmund
  5133 | D:5      | Killed Edmund
  5293 | D:5      | Reached XP level 8. HP: 69/70 MP: 7/7
  5697 | D:6      | Found a sacrificial altar of Ru.
  5755 | D:6      | Reached skill level 8 in Long Blades
  5911 | D:6      | HP: 3/70 [poisoned by a killer bee]
  6142 | D:6      | Found a glowing silver altar of Zin.
  6841 | D:7      | Found a staircase to the Ecumenical Temple.
  6886 | Temple   | Entered the Ecumenical Temple
  6909 | Temple   | Became a worshipper of Warmaster Okawaru
  7024 | D:7      | Reached skill level 9 in Long Blades
  7024 | D:7      | Reached XP level 9. HP: 64/78 MP: 8/8
  8121 | D:8      | Found a shadowy altar of Dithmenos.
  8140 | D:8      | Reached skill level 1 in Stealth
  8145 | D:8      | Reached * piety under Okawaru
  8246 | D:8      | Noticed a meliai
  8246 | D:8      | Noticed a meliai
  8251 | D:8      | Killed a meliai
  8252 | D:8      | Noticed a meliai
  8254 | D:8      | Killed a meliai
  8259 | D:8      | Killed a meliai
  8419 | D:8      | Reached skill level 10 in Long Blades
  9333 | D:8      | Found the +16 obsidian axe {drain, demonic, Mesm Drain Fly
                  | SInv}
  9450 | D:9      | Found a staircase to the Lair.
  9578 | D:8      | Reached XP level 10. HP: 32/88 MP: 9/9
  9787 | D:9      | Reached ** piety under Okawaru
  9953 | D:8      | Reached skill level 10 in Armour
  9970 | D:8      | Reached skill level 11 in Long Blades
 10190 | D:9      | Found Kinied's Book Shop.
 10347 | D:9      | Found a snail-covered altar of Cheibriados.
 10347 | D:9      | Found Cheibriados's Comfort Zone.
 10671 | D:9      | Noticed a boulder beetle
 10699 | D:9      | a boulder beetle changed into a tyrant leech
 10705 | D:9      | Slain by a tyrant leech

Illustrated notes

Levels and vault maps discovered:
D:1:      eino_arrival_druids_welcome, layout_rooms,
          shapermc_ecumenical_altar_rom_forum, grunt_decor_arrowhead
D:2:      layout_basic, basic_altar, minmay_between
D:3:      layout_rooms, mainiacjoe_overflow_tiny_flanked, grunt_decor_junction
D:4:      layout_basic, saegor_snake_ambush
D:5:      layout_basic, lightli_ossuary_entry_decrepit_ruins, abandoned_shop,
          uniq_edmund
D:6:      layout_loops_corners, nicolae_overflow_hidden_temple,
          lemuel_coloured_pillars_altar
D:7:      layout_basic, minmay_temple_entry_gardened_gates, serial_aquarium,
          aquarium_bridge_square [aquarium_subvault_window,
          aquarium_subvault_wall, aquarium_subvault_bridge,
          aquarium_subvault_wall], aquarium_window_2,
          aquarium_window_corridor_1, aquarium_window_fake, aquarium_view_2c,
          aquarium_view_2b, aquarium_balcony_3a
D:8:      minmay_weird_star, layout_basic, nicolae_dithmenos_shadow_blocks
D:9:      layout_layer_cave, erik_lair_orcish_takeover, serial_shops,
          nicolae_shop_tiny_statue_garden, minmay_shop_chei
Temple:   nicolae_temple_elliptical

Skill      XL: |  1  2  3  4  5  6  7  8  9 10 |
---------------+-------------------------------+-----
Fighting       | 4 5 6 7 8 |  8.1
Shields        | 4 5 7 8 |  8.7
Armour         | 4 5 6 7 9 10 | 10.1
Long Blades    | 3 4 5 7 9 10 11 | 11.0
Dodging        | 1 2 3 |  3.0
Stealth        | 1 |  1.1
Invocations    | |  0.1

Action                     |  1- 3 |  4- 6 |  7- 9 | 10-12 || total
---------------------------+-------+-------+-------+-------++-------
  Melee: Long sword        |   122 |   189 |   391 |       ||   702
         Headbutt          |    17 |    27 |    83 |    20 ||   147
         Scimitar          |       |       |    50 |    90 ||   140
 Invoke: Heroism           |       |       |     1 |     2 ||     3
  Evoke: Wand              |       |       |       |     2 ||     2
    Use: Potion            |     3 |     1 |     5 |       ||     9
         Scroll            |       |       |    20 |       ||    20
 Armour: Scale mail        |    90 |    45 |       |       ||   135
         Chain mail        |       |    45 |   149 |    40 ||   234
  Dodge: Dodged            |    64 |    70 |   109 |    18 ||   261
  Block: Buckler           |    36 |    24 |       |       ||    60
         Kite shield       |       |    52 |   216 |    46 ||   314
